 Dungeon Crawl Stone Soup version 0.29-a0-352-g0917bc69df (webtiles) character file.

Game seed: 12915136589248749856

116 sokol815 the Firebug (level 5, -1/31 HPs)
             Began as an Octopode Fire Elementalist on Apr 25, 2022.
             Killed by divine providence
             ... invoked by an orc priest
              (13 damage)
             ... on level 4 of the Dungeon.
             The game lasted 00:06:12 (2739 turns).

sokol815 the Firebug (Octopode Fire Elementalist)   Turns: 2739, Time: 00:06:12

Health: -1/31      AC:  1    Str:  7    XL:     5   Next: 0%
Magic:  1/8        EV: 13    Int: 20    God:
Gold:   71         SH:  0    Dex: 12    Spells: 7/8 levels left

rFire   . . .      SeeInvis .   a - +0 hand axe
rCold   . . .      Faith    .   (no shield)
rNeg    . . .      Spirit   .   (helmet restricted)
rPois   .          Reflect  .   (no amulet)
rElec   .          Harm     .   (no ring)
rCorr   .          Rampage  .   (no ring)
Will    .....                   (no ring)
Stlth   +++.......              (no ring)
HPRegen 0.10/turn               (no ring)
MPRegen 0.11/turn               (no ring)
                                (no ring)
                                (no ring)

@: no status effects
A: almost no armour, amphibious, 8 rings, camouflage 1, gelatinous body 1,
(nimble swimmer 1), tentacles
a: no special abilities


You were on level 4 of the Dungeon.
You visited 1 branch of the dungeon, and saw 4 of its levels.

You collected 84 gold pieces.
You spent 13 gold pieces at shops.

Inventory:

Hand Weapons
 a - a +0 hand axe (weapon)
   (You found it on level 1 of the Dungeon)
Missiles
 j - 3 boomerangs
 s - 75 stones
Armour
 i - a +0 tower shield
   (You took it off a hobgoblin on level 2 of the Dungeon)
Jewellery
 c - a ring of ice {rC+, rF-}
   (You took it off a kobold on level 2 of the Dungeon)
Wands
 y - a wand of mindburst (11)
   (You found it on level 3 of the Dungeon)
Scrolls
 b - a scroll of fog {unknown}
 h - a scroll of teleportation {unknown}
 k - a scroll of amnesia {unknown}
 l - 2 scrolls of fear {unknown}
Potions
 d - a potion of curing {unknown}
 f - a potion of might {unknown}
 g - a potion of cancellation
 L - a potion of flight
 M - 2 potions of magic
 T - a potion of berserk rage {!q}


   Skills:
 - Level 2.0 Dodging
 - Level 2.6 Stealth
 - Level 2.0 Spellcasting
 + Level 3.2 Conjurations
 + Level 4.4 Fire Magic


You had 7 spell levels left.
You knew the following spells:

 Your Spells              Type           Power      Damage    Failure   Level
a - Foxfire               Conj/Fire      68%        2x1d7     3%          1

Your spell library contained the following spells:

 Spells                   Type           Power      Damage    Failure   Level
 Scorch                   Fire           38%        2d6       3%          2
 Conjure Flame            Conj/Fire      17%        6-21      10%         3
 Inner Flame              Hex/Fire       10%        N/A       19%         3
 Flame Wave               Conj/Fire      17%        2d6       32%         4
 Tukima's Dance           Hex            2%         N/A       43%         3
 Anguish                  Hex/Necr       1%         N/A       83%         4
 Enfeeble                 Hex            1%         N/A       100%        7
 Malign Gateway           Summ/Tloc      1%         N/A       100%        7
 Summon Horrible Things   Summ           1%         N/A       100%        8


Dungeon Overview and Level Annotations

Branches:
Dungeon (4/15)
 Temple: D:4-7

Altars:
Trog

Shops:
D:1 ?

Annotations:
D:2 1 runed translucent door, Crazy Yiuf


Innate Abilities, Weirdness & Mutations

You cannot wear most types of armour.
You are amphibious.
You can wear up to eight rings at the same time.
Your skin changes colour to match your surroundings (Stealth+).
Your rubbery body absorbs attacks. (AC +1, EV +1)
((You are camouflaged when in or above water. (Stealth+)))
You have tentacles for arms and can constrict up to eight enemies at once.


Message History

Done exploring.
Done exploring.
(D) Dungeon
Where to? (Enter - D:3, ? - help)
There is an open door here.
There is a large open door here.
There is a large open door here.
There is a stone staircase leading down here.
You see here a +0 dagger.
You climb downwards.
There is a stone staircase leading up here.
There is a stone staircase leading up here.
A goblin comes into view. It is wielding a +0 club.
You throw a stone. The stone hits the goblin.
The goblin shouts!
You throw a stone. The stone closely misses the goblin.
You throw a stone. The stone barely misses the goblin.
You throw a stone.
The stone hits the goblin but does no damage.
Clearing quiver.
The goblin closely misses you.
You closely miss the goblin. You grab the goblin. You constrict the goblin.
The goblin barely misses you.
You hit the goblin but do no damage. Your squeeze misses the goblin.
You constrict the goblin.
You kill the goblin!
No target in view!
You now have 71 gold pieces (gained 4).
You see here a +0 club.
s - 72 stones (gained 1)
s - 73 stones (gained 1)
s - 75 stones (gained 2)
An orc priest and an orc come into view.
The orc is wielding a +0 whip and quivering boomerangs of dispersal.
An orc wizard and a gnoll come into view.
You conjure some foxfire!
You now have 6/7 mp.
You conjure some foxfire!
The orc priest shouts!
You hear a shout! x2
The foxfire hits the orc. x2
A gnoll comes into view. It is wielding a +0 club.
An orc comes into view. It is wielding a +0 club.
You now have 5/7 mp.
You miscast Foxfire.
You are very lightly contaminated with residual magic.
Nothing appears to happen.
The foxfire hits the orc!
You kill the orc!
A gnoll comes into view. It is wielding a +0 halberd.
An orc wizard comes into view. It is wielding a +0 dagger.
The foxfire hits the orc priest!
You now have 4/7 mp.
You conjure some foxfire!
You now have 3/7 mp.
You conjure some foxfire!
The foxfire hits the orc wizard. x2
An adder comes into view.
You now have 2/7 mp.
You conjure some foxfire!
The foxfire hits the adder.
The foxfire hits the orc wizard.
You now have 1/7 mp.
You conjure some foxfire!
The foxfire hits the adder.
The adder completely misses you. The adder bites you.
You are poisoned.
The adder poisons you!
The foxfire hits the orc wizard but does no damage.
The orc priest calls upon Beogh to heal the orc wizard.
The orc wizard is healed somewhat.
The foxfire hits the orc wizard.
You take 3 damage, and have 24/27 hp.
You now have 0/7 mp.
The adder attacks as you move away! The adder closely misses you.
You feel sick.
The foxfire hits the orc wizard!
You take 2 damage, and have 22/27 hp.
You feel sick.
Your magical contamination has completely faded away.
You take 1 damage, and have 21/27 hp.
You hit the adder but do no damage. You grab the adder.
You constrict the adder.
You feel sick. The adder bites you. The adder misses you.
A gnoll comes into view. It is wielding a +0 club.
You take 4 damage, and have 17/27 hp.
The gnoll shouts!
You hit the adder. You constrict the adder.
You kill the adder!
You feel sick.
The orc wizard casts a spell.
The orc wizard flickers and vanishes!
Deactivating autopickup; reactivate with Ctrl-A.
You have reached level 5!
You feel clever.
You regained 2 hp, and now have 19/31 hp.
You feel sick.
You take 1 damage, and have 18/31 hp.
The gnoll attacks as you move away! The gnoll hits you with a +0 club.
You feel sick.
You are no longer poisoned.
You take 4 damage, and have 14/31 hp.
The gnoll attacks as you move away! The gnoll hits you with a +0 club.
You take 2 damage, and have 12/31 hp.
The gnoll attacks as you move away! The gnoll barely misses you.
The orc priest calls down the wrath of Beogh upon you.
Beogh smites you!
You die...

#.# #.# ########.#
.........#
#########..#######<#
......... #.#
.######........ #.#
....)...###############.#
.....ggooo...g@.....)...#
#########################


You could see an orc priest, an orc wizard, a gnoll and an orc.

Vanquished Creatures
  6 adders
  A worm (D:2)
  A dart slug (D:3)
  An orc (D:4)
  5 bats
  An endoplasm (D:1)
  A giant cockroach (D:1)
  5 goblins
  6 hobgoblins
  4 jackals (D:1)
  3 quokkas
  8 ball pythons
  3 frilled lizards (D:1)
  5 kobolds
  7 rats
57 creatures vanquished.

Vanquished Creatures (others)
  171 foxfires
171 creatures vanquished.

Grand Total: 228 creatures vanquished

Notes
Turn   | Place    | Note
-------+----------+-------------------------------------------
     0 | D:1      | sokol815 the Octopode Fire Elementalist began the quest for
                  | the Orb.
     0 | D:1      | Reached XP level 1. HP: 11/11 MP: 3/3
   155 | D:1      | Reached XP level 2. HP: 17/17 MP: 1/5
   234 | D:1      | Found Bojuori's Magic Scroll Shop.
   243 | D:1      | Bought a scroll of noise for 13 gold pieces
   760 | D:1      | Reached skill level 2 in Conjurations
   872 | D:1      | Reached XP level 3. HP: 21/21 MP: 6/6
  1110 | D:2      | Found a runed translucent door.
  1111 | D:2      | Noticed Crazy Yiuf
  1859 | D:3      | Reached skill level 4 in Fire Magic
  1887 | D:3      | Reached XP level 4. HP: 27/27 MP: 7/7
  2066 | D:3      | Found a faded altar of an unknown god.
  2115 | D:3      | Reached skill level 3 in Conjurations
  2649 | D:3      | Found a bloodstained altar of Trog.
  2735 | D:4      | Reached XP level 5. HP: 19/31 MP: 1/8
  2739 | D:4      | Killed from afar by an orc priest

Illustrated notes

Levels and vault maps discovered:
D:1:      lightli_molten_gateway, layout_basic, serial_shops,
          nicolae_shop_statue_plus
D:2:      layout_rooms, hex_tiny, kennysheep_boxes, uniq_crazy_yiuf_cottage
D:3:      layout_basic, marbit_many_paths, nicolae_overflow_hidden_temple,
          shapermc_ecumenical_altar_flowoftime, hangedman_decor_peaks_small
D:4:      layout_loops_ring, nicolae_overflow_squiral

Skill      XL: |  1  2  3  4 |
---------------+-------------+-----
Conjurations   | 2 3 |  3.2
Fire Magic     | 4 |  4.4
Dodging        | |  2.0
Stealth        | |  2.6
Spellcasting   | |  2.0

Action                   |  1- 3 |  4- 6 || total
-------------------------+-------+-------++-------
Melee: Hand axe          |     9 |     4 ||    13
       Constrict         |     4 |     2 ||     6
       Tentacles         |     3 |       ||     3
       Unarmed           |     1 |       ||     1
       Punch             |     1 |       ||     1
Throw: Stone             |       |     4 ||     4
 Cast: Foxfire           |    73 |    29 ||   102
  Use: Scroll            |     2 |     2 ||     4
 Stab: Sleeping          |     2 |       ||     2
Armor: Skin              |     1 |     1 ||     2
Dodge: Dodged            |     9 |     8 ||    17

Table legend: (Time is in decaauts)
 A = Elapsed time spent in this place.
 B = Non-inter-level travel time spent in this place.
 C = Inter-level travel time spent in this place.
 D = Time resting spent in this place.
 E = Time spent auto-exploring this place.
 F = Levels seen in this place.
 G = Mean time per level.
                   A        B        C        D        E       F      G
               +--------+--------+--------+--------+--------+-----+--------+
         Total |   2743 |   2616 |    127 |    370 |   1865 |   4 |  685.8 |
       Dungeon |   2743 |   2616 |    127 |    370 |   1865 |   4 |  685.8 |
               +--------+--------+--------+--------+--------+-----+--------+

Top non-repeatable levels by time:
     D:1: 983 daAuts
     D:2: 897 daAuts
     D:3: 812 daAuts
     D:4: 49 daAuts

Table legend:
 A = Kills in this place as a percentage of kills in entire the game.
 B = Kills by you in this place as a percentage of kills by you in the entire game.
 C = Kills by friends in this place as a percentage of kills by friends in the entire game.
 D = Other kills in this place as a percentage of other kills in the entire game.
 E = Experience gained in this place as a percentage of experience gained in the entire game.
 F = Experience gained in this place divided by the number of levels of this place that you have seen.
                   A       B       C       D       E      F
               +-------+-------+-------+-------+-------+----------------------
         Total | 100.0 | 100.0 |   N/A |   N/A | 100.0 |  41.5
       Dungeon | 100.0 | 100.0 |   N/A |   N/A | 100.0 |  41.5
               +-------+-------+-------+-------+-------+----------------------
